 Dungeon Crawl Stone Soup version 0.28-a0-691-gad6df49e81 (webtiles) character file.

Game seed: 6748862910545911691

138 kae the Ruffian (level 5, -3/42 HPs)
             Began as a Draconian Transmuter on Oct 20, 2021.
             Slain by an orc (7 damage)
             ... on level 3 of the Dungeon.
             The game lasted 00:01:29 (2684 turns).

kae the Ruffian (Draconian Transmuter)              Turns: 2684, Time: 00:01:30

Health: -3/42      AC:  2    Str: 12    XL:     5   Next: 1%
Magic:  4/8        EV: 19    Int: 15    God:
Gold:   36         SH:  0    Dex: 16    Spells: 4/8 levels left

rFire   . . .      SeeInvis .     - Unarmed
rCold   . . .      Faith    .   (shield currently unavailable)
rNeg    . . .      Spirit   .   (armour unavailable)
rPois   x          Reflect  .   (helmet currently unavailable)
rElec   .          Harm     .   (cloak currently unavailable)
rCorr   +          Rampage  .   (gloves currently unavailable)
Will    .....                   (boots currently unavailable)
Stlth   +.........              (no amulet)
HPRegen 0.14/turn               a - ring of resist corrosion
MPRegen 0.11/turn               (no ring)

@: spider-form (expiring)
A: venomous fangs, AC +5, tiny, unfitting armour, (cold-blooded)
a: End Transformation


You were on level 3 of the Dungeon.
You were a venomous arachnid creature.
You visited 1 branch of the dungeon, and saw 3 of its levels.

You collected 55 gold pieces.
You spent 19 gold pieces at shops.

Inventory:

Jewellery
 a - a ring of resist corrosion (left front leg)
Wands
 d - a wand of digging (4)
Scrolls
 f - a scroll of blinking
 i - a scroll of identify
Potions
 b - a potion of heal wounds {unknown}
 c - a potion of lignification
 e - a potion of brilliance {unknown}
 g - 2 potions of might
 h - a potion of curing {unknown}


   Skills:
 + Level 2.4 Fighting
 - Level 1.7 Dodging
 * Level 4.3 Unarmed Combat
 - Level 2.0 Spellcasting
 + Level 2.9 Transmutations
 * Level 1.8 Poison Magic


You had 4 spell levels left.
You knew the following spells:

 Your Spells              Type           Power      Damage    Failure   Level
a - Beastly Appendage     Tmut           20%        N/A       19%         1
b - Spider Form           Tmut/Pois      4%         N/A       47%         3

Your spell library contained the following spells:

 Spells                   Type           Power      Damage    Failure   Level
 Wereblood                Tmut           10%        N/A       26%         2
 Ice Form                 Ice/Tmut       5%         N/A       90%         4


Dungeon Overview and Level Annotations

Branches:
Dungeon (3/15)

Altars:

Shops:
D:2 *


Innate Abilities, Weirdness & Mutations

You are a venomous arachnid creature.
You have poisonous fangs.
You are tiny and dextrous.
Your spellcasting is less reliable in this form.
Your armour is entirely melded.
You are incapable of wielding weapons or throwing items.
((Your plain brown scales are hard. (AC +5)))
You cannot fit into any form of body armour.
((You are cold-blooded and may be slowed by cold attacks.))


Message History

A frilled lizard comes into view.
You barely miss the orc.
Your tail-slap misses the orc.
There are monsters nearby!
There are monsters nearby!
Casting: Beastly Appendage (safe; 7% risk of failure)
Confirm with . or Enter, or press ? or * to list all spells.
The spell is quite dangerous to cast (28% risk of failure)!
Continue anyway? [Y]es or [N]o only, please.
The spell is quite dangerous to cast (28% risk of failure)!
Continue anyway?
You turn into a venomous arachnid creature.
The orc priest hits you with a +0 club.
You hit the orc priest.
The orc priest is moderately wounded.
The orc hits you with a +0 hand axe.
You barely miss the orc priest.
The orc priest is moderately wounded.
The orc priest misses you. The orc completely misses you.
You bite the orc priest!
The orc priest is poisoned.
The orc priest is severely wounded.
The orc priest calls down the wrath of Beogh upon you.
Beogh smites you! The orc completely misses you.
You are too injured to fight recklessly!
You are too injured to fight recklessly!
You are too injured to fight recklessly!
You are too injured to fight recklessly!
You are too injured to fight recklessly!
You barely miss the orc priest.
The orc priest is severely wounded.
The orc priest calls down the wrath of Beogh upon you.
Beogh smites you!
* * * LOW HITPOINT WARNING * * *
The orc hits you with a +0 hand axe.
* * * LOW HITPOINT WARNING * * *
You bite the orc priest!
You kill the orc priest!
Your transformation is almost over.
The orc misses you.
You have reached level 5!
The orc hits you with a +0 hand axe!
You die...

.....#.#..##.#.#.#
.....#.#..##.#.#.#
.....#)#..##.#.#.#
##.#.#.#..# .#.#.#
#.#.#.#..# #>#.#
#.#.#.#.g# #.#.#
#.#.#.#gg. #.#.#
#.#.# #.#.# #.#
..#.#..s#
#<##......oo#
####.##.###l# ..
... ## ##.#. .....
#.# .# #.# .. #.#
##


You could see 2 orcs and a frilled lizard.

Vanquished Creatures
  An orc priest (D:3)
  Robin (D:2)
  3 gnolls (D:3)
  An adder (D:2)
  A dart slug (D:2)
  An orc (D:3)
  4 endoplasms
  2 giant cockroaches
  11 goblins
  6 hobgoblins
  4 jackals (D:1)
  A quokka (D:2)
  3 ball pythons
  2 bats
  3 frilled lizards
  2 kobolds
  8 rats
54 creatures vanquished.

Vanquished Creatures (others)
  A bush (D:1)
1 creature vanquished.

Grand Total: 55 creatures vanquished

Notes
Turn   | Place    | Note
-------+----------+-------------------------------------------
     0 | D:1      | kae the Draconian Transmuter began the quest for the Orb.
     0 | D:1      | Reached XP level 1. HP: 16/16 MP: 3/3
   348 | D:1      | Reached XP level 2. HP: 23/23 MP: 3/5
  1193 | D:2      | Reached XP level 3. HP: 23/29 MP: 4/6
  1197 | D:2      | Learned a level 3 spell: Spider Form
  1404 | D:2      | Noticed Robin
  1427 | D:2      | Killed Robin
  1430 | D:2      | Reached skill level 4 in Unarmed Combat
  1734 | D:2      | Found Unwaelan's Assorted Antiques.
  1742 | D:2      | Bought a fizzy green potion for 19 gold pieces
  1881 | D:2      | Reached skill level 1 in Poison Magic
  1976 | D:2      | Reached XP level 4. HP: 36/36 MP: 7/7
  2119 | D:2      | Found a faded altar of an unknown god.
  2684 | D:3      | Reached XP level 5. HP: 4/42 MP: 4/8
  2684 | D:3      | Slain by an orc

Illustrated notes

Levels and vault maps discovered:
D:1:      sevenhm_arrival_forest_fort_small_6, layout_basic, minmay_hedge_maze,
          minivault_4
D:2:      minmay_alternating_diamond, layout_rooms,
          shapermc_ecumenical_altar_notcrosses, serial_shops,
          nicolae_shop_trees, roderic_lattice_a, uniq_robin
D:3:      layout_basic

Skill      XL: |  1  2  3 |
---------------+----------+-----
Fighting       | 2 |  2.4
Unarmed Combat | 4 |  4.3
Poison Magic   | 1 |  1.8
Dodging        | |  1.7
Spellcasting   | |  2.0
Transmutations | |  2.9

Action                   |  1- 3 |  4- 6 || total
-------------------------+-------+-------++-------
Melee: Unarmed           |   209 |    26 ||   235
       Tailslap          |    40 |     1 ||    41
       Kick              |    20 |     3 ||    23
       Headbutt          |    12 |     1 ||    13
       Punch             |     7 |       ||     7
 Cast: Beastly Appendage |    16 |     6 ||    22
       Spider Form       |       |     2 ||     2
  Use: Scroll            |     3 |       ||     3
       Potion            |     2 |       ||     2
Armor: Skin              |    54 |     5 ||    59
Dodge: Dodged            |    66 |    15 ||    81

Table legend: (Time is in decaauts)
 A = Elapsed time spent in this place.
 B = Non-inter-level travel time spent in this place.
 C = Inter-level travel time spent in this place.
 D = Time resting spent in this place.
 E = Time spent auto-exploring this place.
 F = Levels seen in this place.
 G = Mean time per level.
                   A        B        C        D        E       F      G
               +--------+--------+--------+--------+--------+-----+--------+
         Total |   2670 |   2540 |    130 |      4 |   2083 |   3 |  890.0 |
       Dungeon |   2670 |   2540 |    130 |      4 |   2083 |   3 |  890.0 |
               +--------+--------+--------+--------+--------+-----+--------+

Top non-repeatable levels by time:
     D:1: 1149 daAuts
     D:2: 1142 daAuts
     D:3: 378 daAuts
